 Dungeon Crawl Stone Soup version 0.32-a0-19-g28bc0835a1 (webtiles) character file.

Game seed: 4474362076829129080

108971 Essalna the Warrior (level 16, -8/106 (110) HPs)
             Began as a Gargoyle Earth Elementalist on Jan 17, 2024.
             Was a High Priest of Vehumet.
             Mangled by an Executioner (11 damage)
             ... on level 2 of the Abyss.
             The game lasted 01:23:13 (29245 turns).

Essalna the Warrior (Gargoyle Earth Elementalist)  Turns: 29245, Time: 01:23:14

HP:   -8/106 (110)  AC: 33    Str: 13 (14) XL:     16   Next: 51%
MP:   24/37         EV: 15    Int: 22      God:    Vehumet [*****.]
Gold: 2344          SH:  4    Dex: 10      Spells: 10/31 levels left

rFire   . . .        G - staff of conjuration
rCold   . . .        n - +0 buckler {rN+}
rNeg    + + .        o - +0 ring mail of Foolhardiness {MP+9}
rPois   ∞            z - +0 helmet
rElec   +            q - +2 cloak
rCorr   .            S - +1 pair of gloves
SInv    .            c - +2 pair of boots
Will    +....        L - amulet of the acrobat
Stlth   +            W - +4 ring of protection
HPRegen 0.37/turn    C - +5 ring of evasion
MPRegen 0.25/turn

%: acrobat
@: mighty, flying, lightly drained
A: sickness immunity, AC +12, big wings, negative energy resistance 1,
electricity resistance, torment resistance 1, petrification resistance
a: Renounce Religion


You were on level 2 of the Abyss.
You worshipped Vehumet.
Vehumet was extremely pleased with you.
You visited 4 branches of the dungeon, and saw 23 of its levels.
You visited the Abyss 1 time.
You also visited: Sewer, Ossuary and Bailey.

You collected 2581 gold pieces.
You spent 237 gold pieces at shops.

Inventory:

Hand Weapons
 R - the +9 halberd "Hellblazer" {holy, Will+}
   (You found it on level 3 of the Lair of Beasts)

   Will+:     It increases your willpower.
Armour
 c - a +2 pair of boots (worn)
 n - a +0 buckler of positive energy (worn)
 o - the +0 ring mail of Foolhardiness (worn) {MP+9}
   (You found it on level 3 of the Dungeon)

   MP+9:      It affects your magic capacity (+9).
 q - a +2 cloak (worn)
 w - a +2 leather armour of cold resistance
 z - a +0 helmet (worn)
 S - a +1 pair of gloves (worn)
 Y - +0 fire dragon scales
Magical Staves
 x - a staff of earth
 G - a staff of conjuration (weapon)
Jewellery
 h - a +6 ring of intelligence
 y - a ring of protection from fire
 A - a ring of resist corrosion
 C - a +5 ring of evasion (right hand)
 D - a ring of see invisible
 L - an amulet of the acrobat (around neck)
 N - a +6 ring of strength
 V - a ring of magical power
 W - a +4 ring of protection (left hand)
Wands
 a - a wand of acid (3)
 E - a wand of flame (47)
 P - a wand of iceblast (2)
Scrolls
 i - 6 scrolls of fog
 j - a scroll of enchant weapon
 p - 2 scrolls of brand weapon
 s - 4 scrolls of immolation
 t - a scroll of enchant armour
 B - 2 scrolls of amnesia
 I - a scroll of silence
 M - 2 scrolls of identify
 O - a scroll of torment
 Q - a scroll of blinking
 T - 3 scrolls of vulnerability
Potions
 b - 5 potions of magic
 d - 8 potions of curing
 f - 3 potions of mutation
 g - 7 potions of degeneration
 k - a potion of invisibility
 l - 2 potions of enlightenment
 r - 6 potions of might
 v - 6 potions of attraction
 K - a potion of lignification
 Z - a potion of berserk rage {unknown}
Miscellaneous
 J - a phantom mirror


   Skills:
 - Level 16.2 Fighting
 - Level 8.6 Armour
 - Level 3.0 Dodging
 - Level 2.1 Stealth
 - Level 4.0 Shields
 - Level 8.0 Spellcasting
 - Level 14.2 Conjurations
 + Level 12.9 Fire Magic
 - Level 15.7 Earth Magic


You had 10 spell levels left.
You knew the following spells:

 Your Spells              Type           Power      Damage    Failure   Level
a - Sandblast             Erth           100%       2d20      1%          1
b - Stone Arrow           Conj/Erth      100%       3d13      1%          3
c - Orb of Destruction    Conj           41%        9d11      13%         7
d - Iskenderun's Battles  Conj           82%        2d13      1%          5
e - Fireball              Conj/Fire      40%        3d16      1%          5

Your spell library contained the following spells:

 Spells                   Type           Power      Damage    Failure   Level
 Eringya's Noxious Bog    Alch           4%         4d6       99%         6
 Foxfire                  Conj/Fire      100%       2x1d9     1%          1
 Kiss of Death            Conj/Necr      100%       2d13      1%          1
 Sting                    Conj/Alch      100%       1d9       1%          1
 Momentum Strike          Conj/Tloc      100%       3d10      1%          2
 Static Discharge         Conj/Air       100%       3-8/arc   1%          2
 Hailstorm                Conj/Ice       56%        3d11      1%          3
 Passwall                 Erth           67%        N/A       1%          3
 Brom's Barrelling Bould  Conj/Erth      84%        2d10      1%          4
 Iskenderun's Mystic Bla  Conj/Tloc      56%        2d12      2%          4
 Starburst                Conj/Fire      40%        6d11      3%          6
 Freeze                   Ice            32%        1d5       5%          1
 Leda's Liquefaction      Alch/Erth      21%        N/A       8%          4
 Petrify                  Alch/Erth      43%        N/A       8%          4
 Frozen Ramparts          Ice            16%        1d3       16%         3
 Apportation              Tloc           16%        N/A       19%         1
 Necrotise                Necr           32%        1d5       19%         1
 Slow                     Hex            32%        N/A       19%         1
 Summon Small Mammal      Summ           32%        N/A       19%         1
 Blink                    Tloc           16%        N/A       28%         2
 Call Imp                 Summ           16%        N/A       28%         2
 Lesser Beckoning         Tloc           16%        N/A       28%         2
 Conjure Ball Lightning   Conj/Air       28%        3x3d8     36%         6
 Airstrike                Air            4%         2d(1-17)  41%         4
 Plasma Beam              Fire/Air       18%        2x1d30    45%         6
 Confusing Touch          Hex            8%         N/A       50%         3
 Sigil of Binding         Hex            8%         N/A       50%         3
 Summon Ice Beast         Ice/Summ       8%         N/A       50%         3
 Tukima's Dance           Hex            8%         N/A       50%         3
 Vampiric Draining        Necr           8%         2d6       50%         3
 Dimensional Bullseye     Hex/Tloc       4%         N/A       88%         4
 Dispel Undead            Necr           8%         3d8       88%         4
 Summon Lightning Spire   Summ/Air       8%         N/A       88%         4
 Metabolic Englaciation   Hex/Ice        4%         N/A       99%         5
 Sculpt Simulacrum        Ice/Alch       4%         N/A       100%        6
 Summon Hydra             Summ           4%         N/A       100%        7
 Discord                  Hex            4%         N/A       100%        8
 Disjunction              Tloc           4%         N/A       100%        8
 Sublimation of Blood     Necr           Unusable   N/A       N/A         2

Dungeon Overview and Level Annotations

Branches:
Dungeon (15/15)            Temple (1/1) D:4            Lair (5/5) D:8
 Shoals (0/4) Lair:3        Snake (0/4) Lair:2        Slime (0/5) Lair:5
    Orc (2/2) D:10            Elf (0/3) Orc:2        Vaults (0/5) D:14
  Sewer (visited)         Ossuary (visited)          Bailey (visited)
 Depths: D:15

Altars:
Ashenzari
Cheibriados
Dithmenos
Elyvilon
Fedhas
Gozag
Hepliaklqana
Kikubaaqudgha
Makhleb
Nemelex Xobeh
Okawaru
Qazlal
Ru
Sif Muna
Trog
Uskayaw
Vehumet
Wu Jian
Xom
Yredelemnul
Zin
The Shining One
Jiyva

Shops:
D:5 [   D:11 [(?:   Orc:1 *   Orc:2 =*(

Portals:
Trove: D:12 (give 7 potions of haste)

Annotations:
D:4 2 transporters, Fildev's ghost, amateur MiFi
D:8 3 runed translucent doors, iamserjio's ghost, novice VSMo
D:11 1 runed translucent door, HourglassMan's ghost, journeyman VSFi
D:13 4 runed translucent doors
D:15 Louise


Innate Abilities, Weirdness & Mutations

You are immune to sickness and miasma.
Your stone body is resilient. (AC +12)
You are immune to poison.
Your large and strong wings let you fly.
You resist negative energy. (rN+)
You are resistant to electric shocks. (rElec)
You are resistant to unholy torment.
You are immune to petrification.


Message History

The Executioner hits you but does no damage.
The Executioner hits you!
* * * LOW HITPOINT WARNING * * *
The Executioner hits you but does no damage. x2
The Executioner attacks as it pursues you!
The Executioner completely misses you. The Executioner closely misses you.
The Executioner hits you but does no damage.
The Executioner hits you!
* * * LOW HITPOINT WARNING * * *
The Executioner completely misses you. The Executioner misses you.
The Executioner attacks as it pursues you!
The Executioner hits you.
* * * LOW HITPOINT WARNING * * *
The Executioner completely misses you. x3; The Executioner misses you.
You block the Executioner's attack.
You feel yourself slow down. The Executioner hits you!
* * * LOW HITPOINT WARNING * * *
The Executioner misses you.
The Executioner hits you but does no damage.
The Executioner hits you but does no damage.
The Executioner closely misses you.
The Executioner hits you but does no damage.
You block the Executioner's attack. The Executioner hits you.
* * * LOW HITPOINT WARNING * * *
You block the Executioner's attack.
The Executioner attacks as it pursues you!
The Executioner barely misses you.
The Executioner hits you but does no damage.
The Executioner closely misses you. Something hits you but does no damage.
The Executioner closely misses you.
The Executioner hits you but does no damage.
The Executioner misses you. The Executioner completely misses you.
The Executioner misses you. x2
Something completely misses you.
An ufetubus comes into view.
You miss something.
The ufetubus shouts!
Something completely misses you. The Executioner hits you!
You die...

## ## #..... #. ...
.#.#.#...##.#. ##
#.# .#......#... #
#.. #..##.....#. #
.#.
..##..#....##...#
.#.#
.§#...w#.#....### #
#.##.#.##..#.. # #
#@1.5.5....#.#.x x
#.#..###x#.#..#...
#.##...#.#..#.###..
#. #.###..#...# # .
.. .#...#..#.. ##.
#..#.##
.#...###.### .#.#.
###### ..# .##... #
#


You could see an Executioner (fast), an ancient zyme, a brain worm and 2
ufetubi.

Vanquished Creatures
  3 tentacled starspawn (Abyss:2)
  A draconian scorcher (Abyss:2)
  A stone giant (Orc:2)
  Azrael (D:13)
  2 ettins (Orc:1)
  8 slime creatures
  A fire dragon (Lair:4)
  6 hydras
  8 vault guards
  5 centaur warriors
  2 catoblepae
  4 boulder beetles
  3 two-headed ogres
  A deep troll earth mage (D:15)
  4 tengu warriors
  2 thrashing horrors (Abyss:2)
  Nergalle (Lair:1)
  15 spriggans (Lair:5)
  9 skeletal warriors
  4 wretched stars (Abyss:2)
  A sixfirhy (Abyss:2)
  2 large abominations (Abyss:2)
  A spriggan simulacrum (Abyss:2)
  A lindwurm (Lair:5)
  2 orc knights
  3 deep elf pyromancers
  13 ugly things
  9 cyclopes
  15 elephants
  A salamander (Lair:2)
  3 kobold blastminers
  4 black mambas
  A torpor snail (Lair:5)
  A merfolk siren (Lair:3)
  A smoke demon (Abyss:2)
  8 cane toads
  2 unseen horrors
  A cane toad (shapeshifter) (D:15)
  3 rime drakes
  8 komodo dragons
  A yaktaur (D:15)
  A freezing wraith (D:14)
  A tengu conjurer (D:14)
  2 efreet
  3 kobold demonologists
  An ancient zyme (Abyss:2)
  3 trolls
  3 merfolk (Lair:3)
  Grinder (D:5)
  4 hornets
  3 polar bears (Lair:5)
  A glass eye (shapeshifter) (D:14)
  2 raiju (Abyss:2)
  17 blink frogs
  2 dream sheep (Lair:5)
  A centaur simulacrum (D:15)
  A shadow (D:10)
  A wyvern (shapeshifter) (D:15)
  42 yaks
  3 wraiths
  A ynoxinul (Abyss:2)
  A small abomination (Abyss:2)
  4 fire elementals
  5 water elementals
  2 basilisks
  2 wyverns
  A warg (Orc:1)
  4 vampire mosquitoes (D:15)
  A neqoxec (Abyss:2)
  A steam dragon (D:9)
  3 nagas (Lair:2)
  Edmund (D:5)
  2 acid dragons
  20 water moccasins
  A hell hound (D:13)
  28 orc warriors
  A sky beast (D:7)
  7 black bears
  37 wolves
  8 boggarts
  6 ogres
  A starcursed mass (Abyss:2)
  8 centaurs
  2 weeping skulls (Ossuary)
  An elf zombie (Ossuary)
  16 bullfrogs
  8 kobold brigands
  A scorpion (D:8)
  2 gnoll sergeants
  4 wights
  9 killer bees
  12 electric eels
  5 howler monkeys
  2 lava snakes (Lair:1)
  4 jellies
  4 bombardier beetles
  A centaur zombie (Ossuary)
  A crimson imp (D:8)
  An iron imp (Abyss:2)
  6 hounds
  A gnoll bouda (D:6)
  7 orc priests
  3 iguanas
  Terence (D:3)
  30 orc wizards
  5 hell rats
  3 mummies
  A howler monkey zombie (Ossuary)
  21 gnolls
  7 river rats
  8 adders
  3 shadow imps
  A white imp (D:6)
  5 ufetubi
  A dart slug (D:2)
  60 orcs
  5 bats
  13 endoplasms
  3 giant cockroaches
  13 goblins
  18 hobgoblins
  7 jackals
  4 quokkas
  6 ball pythons
  2 frilled lizards (D:1)
  A hobgoblin zombie (D:4)
  19 kobolds
  3 kobold zombies
  10 rats
  2 lurking horrors (Abyss:2)
  4 starspawn tentacles (Abyss:2)
745 creatures vanquished.

Vanquished Creatures (collateral kills)
  A centaur zombie (Abyss:2)
  A harpy skeleton (Abyss:2)
  A raiju (Abyss:2)
  A ynoxinul (Abyss:2)
4 creatures vanquished.

Vanquished Creatures (others)
  A hydra (D:13)
  3 gnolls (D:9)
  An orc (Orc:2)
  A quokka (D:14)
  A lurking horror (Abyss:2)
  12 starspawn tentacles (Abyss:2)
19 creatures vanquished.

Grand Total: 768 creatures vanquished

Notes
Turn   | Place    | Note
-------+----------+-------------------------------------------
     0 | D:1      | Essalna the Gargoyle Earth Elementalist began the quest for
                  | the Orb.
     0 | D:1      | Reached XP level 1. HP: 10/10 MP: 3/3
    88 | D:1      | Reached XP level 2. HP: 15/15 MP: 0/5
   285 | D:1      | Reached XP level 3. HP: 19/19 MP: 2/6
  1067 | D:1      | Found a faded altar of an unknown god.
  1294 | D:2      | Reached XP level 4. HP: 24/24 MP: 5/8
  1683 | D:2      | Learned a level 3 spell: Stone Arrow
  2234 | D:3      | Found a glowing silver altar of Zin.
  2307 | D:3      | Noticed Terence
  2478 | D:3      | Identified the +0 ring mail of Foolhardiness {MP+9}
  2504 | D:3      | Reached XP level 5. HP: 28/28 MP: 6/9
  2709 | D:3      | Killed Terence
  3170 | D:4      | Reached skill level 1 in Armour
  3170 | D:4      | Reached skill level 1 in Shields
  3170 | D:4      | Reached skill level 5 in Earth Magic
  3197 | D:4      | Found a sand-covered staircase.
  3202 | D:4      | Reached XP level 6. HP: 32/32 MP: 11/11
  3205 | Ossuary  | Entered an ossuary
  3205 | Ossuary  | Found a huge runed translucent gate.
  3205 | Ossuary  | Found a huge runed translucent gate.
  3205 | Ossuary  | Found a huge runed translucent gate.
  3205 | Ossuary  | Found a huge runed translucent gate.
  3205 | Ossuary  | Found a huge runed translucent gate.
  3205 | Ossuary  | Found a huge runed translucent gate.
  3205 | Ossuary  | Found a huge runed translucent gate.
  3205 | Ossuary  | Found a huge runed translucent gate.
  3248 | Ossuary  | Found a huge runed translucent gate.
  3251 | Ossuary  | Found a huge runed translucent gate.
  3251 | Ossuary  | Found a huge runed translucent gate.
  3252 | Ossuary  | Found a huge runed translucent gate.
  3252 | Ossuary  | Found a huge runed translucent gate.
  3254 | Ossuary  | Found a huge runed translucent gate.
  3254 | Ossuary  | Found a huge runed translucent gate.
  3300 | Ossuary  | Found a huge runed translucent gate.
  3300 | Ossuary  | Found a huge runed translucent gate.
  3300 | Ossuary  | Found a huge runed translucent gate.
  3300 | Ossuary  | Found a huge runed translucent gate.
  3300 | Ossuary  | Found a huge runed translucent gate.
  3301 | Ossuary  | Found a huge runed translucent gate.
  3301 | Ossuary  | Found a huge runed translucent gate.
  3303 | Ossuary  | Found a huge runed translucent gate.
  3303 | Ossuary  | Found a huge runed translucent gate.
  3304 | Ossuary  | Found a huge runed translucent gate.
  3304 | Ossuary  | Found a huge runed translucent gate.
  3305 | Ossuary  | Found a huge runed translucent gate.
  3305 | Ossuary  | Found a huge runed translucent gate.
  3310 | Ossuary  | Found a huge runed translucent gate.
  3310 | Ossuary  | Found a huge runed translucent gate.
  3400 | Ossuary  | Found a huge runed translucent gate.
  3400 | Ossuary  | Found a huge runed translucent gate.
  3400 | Ossuary  | Found a huge runed translucent gate.
  3400 | Ossuary  | Found a huge runed translucent gate.
  3400 | Ossuary  | Found a huge runed translucent gate.
  3438 | Ossuary  | Reached XP level 7. HP: 30/36 MP: 10/12
  3747 | D:4      | Found a transporter.
  3871 | D:4      | Found a transporter.
  3871 | D:4      | Noticed Fildev's ghost (amateur MiFi)
  4118 | D:4      | Found a staircase to the Ecumenical Temple.
  4226 | Temple   | Entered the Ecumenical Temple
  4238 | Temple   | Became a worshipper of Vehumet
  4279 | D:5      | Entered Level 5 of the Dungeon
  4342 | D:5      | Found a blossoming altar of Fedhas.
  4411 | D:5      | Noticed Edmund
  4520 | D:5      | Noticed Grinder
  4523 | D:5      | Paralysed by Grinder for 5 turns
  4531 | D:5      | Killed Grinder
  4532 | D:5      | Reached skill level 5 in Conjurations
  4532 | D:5      | Reached XP level 8. HP: 34/41 MP: 14/14
  4543 | D:5      | Found a glowing drain.
  4552 | Sewer    | Entered a sewer
  4696 | Sewer    | Reached * piety under Vehumet
  4696 | Sewer    | Offered knowledge of Magic Dart by Vehumet.
  4913 | D:5      | Found a stormy altar of Qazlal.
  5115 | D:5      | Killed Edmund
  5210 | D:5      | Identified the +2 cloak of the Saviour {rPois}
  5285 | D:5      | Found Siduisok's Armour Boutique.
  5619 | D:6      | Reached skill level 5 in Armour
  5748 | D:6      | Reached XP level 9. HP: 37/45 MP: 15/15
  5905 | D:6      | Offered knowledge of Searing Ray by Vehumet.
  5907 | D:6      | Reached ** piety under Vehumet
  6012 | D:6      | Reached skill level 1 in Fighting
  6194 | D:6      | Reached skill level 2 in Fighting
  6844 | D:7      | Offered knowledge of Volatile Blastmotes by Vehumet.
  6957 | D:7      | Reached skill level 3 in Fighting
  7049 | D:7      | Reached *** piety under Vehumet
  7423 | D:8      | Reached skill level 4 in Fighting
  7442 | D:8      | Noticed a hornet
  7448 | D:8      | Killed a hornet
  7449 | D:8      | Reached XP level 10. HP: 57/58 MP: 16/16
  7452 | D:8      | Found a runed translucent gate.
  7454 | D:8      | Found a runed translucent gate.
  7456 | D:8      | Noticed an 11-headed hydra
  7457 | D:8      | Noticed iamserjio's ghost (novice VSMo)
  7465 | D:8      | Found a runed translucent gate.
  7466 | D:8      | Found a flagged portal.
  7474 | Bailey   | Entered a bailey
  7532 | Bailey   | Offered knowledge of Olgreb's Toxic Radiance by Vehumet.
  7779 | Bailey   | Noticed an orc knight
  7848 | Bailey   | Killed an orc knight
  7849 | Bailey   | Reached skill level 5 in Fighting
  8080 | Bailey   | Reached skill level 10 in Earth Magic
  8161 | Bailey   | Reached **** piety under Vehumet
  8236 | Bailey   | Offered knowledge of Ignite Poison by Vehumet.
  8261 | Bailey   | Noticed an orc warlord
  8346 | Bailey   | Noticed an orc knight
  8405 | D:8      | Reached skill level 11 in Fighting
  8405 | D:8      | Reached XP level 11. HP: 48/76 MP: 18/18
  8568 | D:8      | Reached skill level 12 in Fighting
  8568 | D:8      | Reached skill level 5 in Spellcasting
  8717 | D:8      | Found a staircase to the Lair.
  8729 | D:8      | Found a hazy altar of Hepliaklqana.
  9131 | D:8      | Found a shimmering altar of Xom.
  9132 | D:8      | Found a burning altar of Makhleb.
  9566 | D:9      | Reached ***** piety under Vehumet
  9566 | D:9      | Offered knowledge of Orb of Destruction by Vehumet.
  9576 | D:9      | Learned a level 7 spell: Orb of Destruction
  9634 | D:9      | Found a sacrificial altar of Ru.
  9985 | D:10     | Entered Level 10 of the Dungeon
  9985 | D:10     | Noticed a skeletal warrior
  9985 | D:10     | Noticed a skeletal warrior
  9985 | D:10     | Noticed a skeletal warrior
  9985 | D:10     | Noticed a skeletal warrior
 10034 | D:10     | Noticed a two-headed ogre
 10136 | D:10     | Reached XP level 12. HP: 82/82 MP: 20/20
 10139 | D:10     | Noticed a two-headed ogre
 10144 | D:10     | Killed a two-headed ogre
 10484 | D:10     | Killed a two-headed ogre
 10485 | D:10     | Reached skill level 10 in Conjurations
 10718 | D:10     | Found a staircase to the Orcish Mines.
 10752 | D:10     | Reached skill level 13 in Fighting
 10894 | D:10     | Found a hide-covered altar of Uskayaw.
 10961 | D:10     | Found a broken altar of Ashenzari.
 11569 | D:11     | Noticed a boulder beetle
 11628 | Lair:1   | Entered Level 1 of the Lair of Beasts
 11861 | Lair:1   | Noticed Nergalle
 11888 | Lair:1   | Killed Nergalle
 12200 | Lair:1   | Offered knowledge of Irradiate by Vehumet.
 12839 | Lair:2   | Reached XP level 13. HP: 89/89 MP: 22/22
 12975 | Lair:2   | Reached skill level 14 in Fighting
 14040 | Lair:2   | Found a staircase to the Snake Pit.
 14811 | Lair:3   | Identified 2 scrolls of acquirement
 14813 | Lair:3   | Acquired a staff of earth
 14955 | Lair:3   | Identified the +9 halberd "Hellblazer" {holy, Will+}
 15241 | Lair:3   | Found a staircase to the Shoals.
 15904 | Lair:4   | Reached skill level 15 in Fighting
 16083 | Lair:4   | Acquired a +5 ring of evasion
 16445 | Lair:4   | Noticed a fire dragon
 16453 | Lair:4   | Killed a fire dragon
 16862 | Lair:5   | Entered Level 5 of the Lair of Beasts
 16872 | Lair:4   | Gained mutation: Your large and strong wings let you fly.
                  | [Gargoyle growth]
 16872 | Lair:4   | Reached XP level 14. HP: 82/98 MP: 20/23
 17488 | Lair:5   | Offered knowledge of Iskenderun's Battlesphere by Vehumet.
 17500 | Lair:5   | Learned a level 5 spell: Iskenderun's Battlesphere
 18073 | Lair:5   | Reached skill level 15 in Earth Magic
 18806 | Lair:5   | Found a staircase to the Slime Pits.
 18808 | Lair:5   | Found a viscous altar of Jiyva.
 19500 | Orc:1    | Entered Level 1 of the Orcish Mines
 19951 | Orc:1    | Found Poim's Assorted Antiques.
 19991 | Orc:1    | Bought a scroll of blinking for 187 gold pieces
 19991 | Orc:1    | Bought a scroll of identify for 50 gold pieces
 20233 | Orc:2    | Entered Level 2 of the Orcish Mines
 20234 | Orc:2    | Noticed a stone giant
 20235 | Orc:2    | Found Onilufop's General Store.
 20239 | Orc:2    | Found a staircase to the Elven Halls.
 20487 | Orc:2    | Killed a stone giant
 20641 | Orc:2    | Found Omogeag's Antique Weapon Emporium.
 20824 | Orc:2    | Reached skill level 16 in Fighting
 21174 | Orc:2    | Reached XP level 15. HP: 102/104 MP: 26/26
 21188 | Orc:2    | Found Zoqi's Jewellery Boutique.
 21240 | Orc:2    | Noticed an orc warlord
 21527 | D:11     | Found a radiant altar of Vehumet.
 21682 | D:11     | Found a runed translucent door.
 21682 | D:11     | Noticed HourglassMan's ghost (journeyman VSFi)
 21945 | D:11     | Found Giopt's Magic Scroll Shop.
 21954 | D:11     | Found Orgham's Weapon Emporium.
 22035 | D:11     | Found Ogit's Book Emporium.
 22160 | D:11     | Found Rocrican's Armour Shop.
 22398 | D:12     | Offered knowledge of Spellforged Servitor by Vehumet.
 22545 | D:12     | Found a portal to a secret trove of treasure.
 22998 | D:12     | Learned a level 5 spell: Fireball
 23169 | D:12     | Reached skill level 1 in Fire Magic
 23936 | D:13     | Noticed Azrael
 24341 | D:13     | Reached skill level 5 in Fire Magic
 24698 | D:13     | Killed Azrael
 25050 | D:13     | Found a runed translucent door.
 25057 | D:13     | Noticed a storm dragon
 25058 | D:13     | Found a runed translucent door.
 25058 | D:13     | Found the +5 Storm Queen's Shield {shock, Fly rElec}
 25123 | D:13     | Found a runed translucent door.
 25143 | D:13     | Found a runed translucent door.
 26054 | D:14     | Found a white marble altar of Elyvilon.
 27240 | D:14     | Found a gate to the Vaults.
 27384 | D:15     | Entered Level 15 of the Dungeon
 27392 | D:15     | Reached skill level 10 in Fire Magic
 27392 | D:15     | Reached XP level 16. HP: 109/110 MP: 20/28
 28058 | D:15     | Offered knowledge of Eringya's Noxious Bog by Vehumet.
 28347 | D:15     | Found a broken altar of Ashenzari.
 28357 | D:15     | Noticed Louise
 28367 | Abyss:2  | Cast into level 2 of the Abyss (Louise)
 28369 | Abyss:2  | Found a corrupted altar of Lugonu.
 28420 | Abyss:2  | Noticed a tentacled starspawn
 28455 | Abyss:2  | Noticed a tentacled starspawn
 28732 | Abyss:2  | Noticed a tentacled starspawn
 28735 | Abyss:2  | Killed a tentacled starspawn
 28877 | Abyss:2  | Noticed a tentacled starspawn
 28881 | Abyss:2  | Killed a tentacled starspawn
 28976 | Abyss:2  | Noticed a lich
 28988 | Abyss:2  | Noticed a tentacled starspawn
 28993 | Abyss:2  | Found a radiant altar of Vehumet.
 29005 | Abyss:2  | Noticed a tentacled starspawn
 29006 | Abyss:2  | Noticed an Executioner
 29008 | Abyss:2  | Killed a tentacled starspawn
 29073 | Abyss:2  | Noticed a tentacled starspawn
 29083 | Abyss:2  | Found a corrupted altar of Lugonu.
 29203 | Abyss:2  | Noticed a tentacled starspawn
 29223 | Abyss:2  | Noticed an Executioner
 29242 | Abyss:2  | HP: 1/106 [Executioner (5)]
 29245 | Abyss:2  | Mangled by an Executioner

Illustrated notes

Levels and vault maps discovered:
D:1:      amcnicky_arrival_gap_in_the_tavern_cellar, layout_loops_ring,
          ebering_ecumenical_altar_abandoned, nicolae_grassy_gnolls
D:2:      layout_basic, serial_bayou, serial_bayou_ford_a, serial_bayou_pond_b,
          serial_bayou_lagoon_a, serial_bayou_pond_d, serial_bayou_pond_e
D:3:      layout_loops_corners, zin_scriptorium, uniq_terence
D:4:      layout_rooms, lemuel_temple_firewalk_a, serial_corexii_hall,
          chequers_hall_statues_wall_a, chequers_hall_statues_wall_a,
          gammafunk_ghost_arena, nicolae_ossuary_entry_giza, corexii_shack,
          abandoned_shop
D:5:      layout_basic, lemuel_crystal_altar, fedhas_ov_isle_minmay,
          portal_sewer_entry_b, serial_shops, nicolae_shop_back_alley_shop,
          uniq_grinder, uniq_edmund
D:6:      minmay_skewed_foursquare, layout_basic
D:7:      layout_layer_cave, blue_anna_alchemist
D:8:      layout_basic, grunt_temple_overflow_champion_of_chaos,
          mainiacjoe_overflow_paths, due_lair_maze_entry_diamond,
          gammafunk_ghost_hydra_chop, enter_bailey_2
D:9:      layout_roguey, nicolae_ru_great_annihilating_truth,
          hangedman_decor_riveting
D:10:     layout_long_grid, mainiacjoe_overflow_six_doors_small,
          eat_drink_and_be_merry_uskayaw, erik_orc_2
D:11:     layout_loops_cross, serial_shops, nicolae_shop_back_alley_shop,
          nicolae_take_the_stairs, nicolae_shop_bloodbath_and_beyond, shop,
          gammafunk_ghost_grave, vehumet_altar_wand_db
D:12:     layout_roguey, enter_trove_5, nicolae_underground_beach
D:13:     layout_rooms, kennysheep_nondescript,
          nicolae_guarded_unrand_storm_shield, uniq_azrael
D:14:     layout_roguey, erik_vaults_2, elyvilon_altar_4
D:15:     hellmonk_depths_entry_around_the_bend, layout_irregular_city,
          serial_bayou_shore_a, evilmike_ruin_ashenzari, uniq_louise,
          uniq_roxanne
Temple:   hellmonk_temple_forest_ring
Lair:1:   layout_gridlike, nicolae_lair_liquid_snakes, uniq_nergalle
Lair:2:   layout_roguey, alex1729_snake_entry_snake
Lair:3:   layout_regular_city, elwin_shoals_entry_stream,
          chequers_serial_rivers_small_a, kilobyte_rumbling_trees
Lair:4:   dragon1_lemuel, layout_cave_pods
Lair:5:   minmay_lair_end_enchanted_forest, layout_layer_cave, slime_entry_1,
          infiniplex_staircase_pool
Orc:1:    layout_caves, serial_shops, shop, nicolae_orc_stony_grotto
Orc:2:    grunt_orc_gardens, layout_caves, grunt_orc_garden, grunt_orc_garden,
          grunt_orc_garden, grunt_orc_garden, basic_altar
Abyss:2:  base: Orc:2, evilmike_abyss_exit_10, spicy_abyss_planar_alliance,
          hangedman_relentless_pull, minivault_11, hangedman_elemental_corridor,
          hangedman_elemental_corridor, hangedman_abyss_sting,
          guppyfry_abyss_exit_imp_island, bh_silent_lugonu_exit,
          hangedman_cross_veins, guppyfry_abyss_exit_glass_guarded,
          guppyfry_abyss_exit_glass_guarded, hangedman_abyss_or_decor_passed,
          evilmike_abyss_exit_5

Skill      XL: |  1  2  3  4  5  6  7  8  9 10 11 12 13 14 15 16 |
---------------+-------------------------------------------------+-----
Earth Magic    | 4 5 6 7 9 10 12 14 15 | 15.7
Conjurations   | 2 3 5 6 8 9 11 13 14 | 14.2
Spellcasting   | 3 4 5 6 7 8 |  8.0
Armour         | 1 2 3 5 6 8 |  8.6
Shields        | 1 2 3 4 |  4.0
Fighting       | 4 11 12 13 15 16 | 16.2
Dodging        | 3 |  3.0
Fire Magic     | 10 12 | 12.9
Stealth        | |  2.1

Action                     |  1- 3 |  4- 6 |  7- 9 | 10-12 | 13-15 | 16-18 || total
---------------------------+-------+-------+-------+-------+-------+-------++-------
  Melee: Unarmed           |     8 |     2 |       |       |       |     1 ||    11
         Flail             |       |       |     1 |    24 |       |       ||    25
         Staff             |       |       |       |       |    34 |     1 ||    35
   Cast: Sandblast         |    55 |    82 |   259 |   329 |   754 |    64 ||  1543
         Stone Arrow       |       |       |     8 |    75 |   172 |    89 ||   344
         Iskenderun's Batt |       |       |       |       |    81 |    23 ||   104
         Fireball          |       |       |       |       |    39 |     8 ||    47
  Evoke: Wand              |       |     5 |       |     6 |       |       ||    11
    Use: Scroll            |       |     7 |     5 |     8 |    13 |     9 ||    42
         Potion            |       |       |       |     6 |     2 |     9 ||    17
 Armour: Robe              |     6 |     6 |       |       |       |       ||    12
         Ring mail         |       |    41 |   147 |   253 |   316 |   154 ||   911
         Fire dragon scale |       |       |       |       |   363 |       ||   363
         Skin              |       |       |       |       |       |    27 ||    27
  Dodge: Dodged            |    13 |    33 |    93 |   142 |   558 |   266 ||  1105
  Block: Buckler           |       |    13 |    65 |    77 |   177 |    54 ||   386

Table legend: (Time is in decaauts)
 A = Elapsed time spent in this place.
 B = Non-inter-level travel time spent in this place.
 C = Inter-level travel time spent in this place.
 D = Time resting spent in this place.
 E = Time spent auto-exploring this place.
 F = Levels seen in this place.
 G = Mean time per level.
                   A        B        C        D        E       F      G
               +--------+--------+--------+--------+--------+-----+--------+
         Total |  30022 |  28199 |   1823 |   1278 |  21023 |  27 | 1111.9 |
       Dungeon |  17513 |  16210 |   1303 |    612 |  12789 |  15 | 1167.5 |
        Temple |     23 |      2 |     21 |      0 |      0 |   1 |   23.0 |
          Lair |   8087 |   7770 |    317 |    118 |   6311 |   5 | 1617.4 |
  Orcish Mines |   1933 |   1753 |    180 |    548 |    889 |   2 |  966.5 |
         Abyss |    875 |    875 |      0 |      0 |      0 |   1 |  875.0 |
         Sewer |    226 |    226 |      0 |      0 |    181 |   1 |  226.0 |
       Ossuary |    435 |    435 |      0 |      0 |    316 |   1 |  435.0 |
        Bailey |    926 |    926 |      0 |      0 |    536 |   1 |  926.0 |
               +--------+--------+--------+--------+--------+-----+--------+

Top non-repeatable levels by time:
  Lair:5: 2453 daAuts
    D:12: 2135 daAuts
    D:14: 2001 daAuts
  Lair:2: 1675 daAuts
   Orc:1: 1499 daAuts
    D:10: 1471 daAuts
  Lair:4: 1339 daAuts
  Lair:3: 1326 daAuts
  Lair:1: 1292 daAuts
    D:13: 1230 daAuts
     D:1: 1158 daAuts
     D:8: 1101 daAuts
     D:6: 1096 daAuts
     D:3: 1054 daAuts
    D:11: 1027 daAuts
